WCHLSIM.com - West Coast Hockey League
html PUBLIC "-//W3C//DTD XHTML 1.0 Transitional//EN" "http://www.w3.org/TR/xhtml1/DTD/xhtml1-transitional.dtd"> WCHL - Game 1062 - LONG BEACH BARACUDAS vs SACRAMENTO BANDITS

LONG BEACH BARACUDAS vs SACRAMENTO BANDITS

Created - 22 mars 2024 at 00:12

Goals
1 2 3 T
LONG BEACH BARACUDAS 2 1 3 6
SACRAMENTO BANDITS 0 1 1 2
Shots
1 2 3 T
LONG BEACH BARACUDAS 12 7 13 32
SACRAMENTO BANDITS 5 9 5 19

1st period

1. LONG BEACH BARACUDAS , Kyle Connor 23 (Sam Reinhart 30, Nico Hischier 37) at 6:50 (PP)
2. LONG BEACH BARACUDAS , Jaden Schwartz 22 (Nico Hischier 38, Zachary Werenski 15) at 10:10

Penalties :
Connor Clifton (LOB) for Hooking (Minor) at 0:56, Radko Gudas (SAC) for Roughing (Minor) at 6:42, Cody Glass (SAC) for Interference (Minor) at 16:48

2nd period

3. SACRAMENTO BANDITS , Janis Moser 8 (Andrew Copp 26, Evander Kane 7) at 2:09 (PP)
4. LONG BEACH BARACUDAS , Kyle Connor 24 (Sam Reinhart 31, William Karlsson 53) at 2:16

Penalties :
Sam Reinhart (LOB) for Holding (Minor) at 0:29, Ryan O'Reilly (LOB) for Hooking (Minor) at 9:57, Radko Gudas (SAC) for Slashing (Minor) at 13:45

3rd period

5. LONG BEACH BARACUDAS , Sam Reinhart 31 (William Karlsson 54, Nathan Beaulieu 5) at 2:06
6. SACRAMENTO BANDITS , Robert Fabbri 9 (Cody Glass 19, Jordan Martinook 23) at 3:59
7. LONG BEACH BARACUDAS , Brock Boeser 13 (Ryan O'Reilly 32, Seth Jarvis 28) at 9:11
8. LONG BEACH BARACUDAS , Ryan O'Reilly 26 (Brock Boeser 35, Zachary Werenski 16) at 15:00

Penalties :
No Penalty

Goalie Stats

Ukko-Pekka Luukkonen (LOB), 17 saves from 19 shots - (0,895), W, 11-16-1, 60:00 minutes
Carter Hart (SAC), 17 saves from 21 shots - (0,810), L, 33-21-0, 42:06 minutes
Jean-Francois Berube (SAC), 9 saves from 11 shots - (0,818), 17:54 minutes

Players Stats for LONG BEACH BARACUDAS

Player Name              G  A  P  +/- PIM S  H  SB GA TA FO     MP     PP MP  PK MP  
------------------------------------------------------------------------------------
Boris Katchouk           0  0  0   0  0   0  0  0  0  0  0/0     3:21   0:00   0:00 
Brock Boeser             1  1  2   2  0   3  0  0  0  0  0/0    17:15   0:00   0:00 
Calvin De Haan           0  0  0   1  0   0  1  0  0  0  0/0    17:20   1:58   2:35 
Connor Clifton           0  0  0   2  2   0  1  1  0  0  0/0    18:56   0:00   1:54 
Derek Stepan             0  0  0   0  0   0  0  0  0  0  2/4     4:09   0:00   0:48 
Jaden Schwartz           1  0  1   0  0   1  1  0  0  0  0/1    12:06   0:00   2:17 
Kyle Connor              2  0  2   2  0   6  0  1  0  0  1/2    22:06   2:15   0:00 
Nathan Beaulieu          0  1  1   1  0   0  1  0  0  0  0/0    17:17   1:33   2:57 
Nico Hischier            0  2  2   0  0   3  0  0  0  0  9/14   12:10   2:15   0:06 
Ryan O'Reilly            1  1  2   2  2   7  1  0  0  0  18/25  18:37   0:00   1:23 
Sam Reinhart             1  2  3   2  2   3  0  0  0  0  1/2    22:05   2:15   0:00 
Scott Harrington         0  0  0   2  0   0  0  0  0  0  0/0    19:40   1:59   0:38 
Seth Jarvis              0  1  1   2  0   2  1  1  0  0  0/1    22:27   1:51   3:21 
Teuvo Teravainen         0  0  0   0  0   1  0  0  0  0  3/6    15:01   1:51   3:21 
Tom Wilson               0  0  0   0  0   1  0  0  0  0  0/0     3:21   0:00   0:00 
Torey Krug               0  0  0   1  0   0  2  1  0  0  0/0    22:33   2:07   0:00 
William Karlsson         0  2  2   2  0   2  1  0  0  0  17/30  21:42   1:51   0:00 
Zachary Werenski         0  2  2   1  0   3  0  1  0  0  0/0    24:13   0:35   3:12 

Players Stats for SACRAMENTO BANDITS

Player Name              G  A  P  +/- PIM S  H  SB GA TA FO     MP     PP MP  PK MP  
------------------------------------------------------------------------------------
Aaron Ekblad             0  0  0  -2  0   4  2  2  0  0  0/0    21:33   3:16   0:26 
Alexandre Carrier        0  0  0   0  0   0  0  2  0  0  0/0    15:44   0:00   2:36 
Andre Burakovsky         0  0  0  -1  0   1  0  0  0  0  0/1    20:15   3:16   0:15 
Andrew Copp              0  1  1  -3  0   2  0  0  0  0  17/29  19:30   2:22   2:38 
Brandon Tanev            0  0  0  -3  0   2  2  0  0  0  0/0    19:08   2:22   2:16 
Cody Glass               0  1  1   1  2   1  1  0  0  0  4/18   14:41   0:00   0:00 
Danil Gushchin           0  0  0  -1  0   0  0  0  0  0  0/1     4:20   0:00   0:00 
Evander Kane             0  1  1  -3  0   0  1  0  0  0  0/0    18:27   2:22   1:35 
Evgeny Kuznetsov         0  0  0  -1  0   1  1  0  0  0  11/27  20:00   3:16   0:00 
Fabian Zetterlund        0  0  0  -1  0   0  0  0  0  0  0/0     4:20   0:00   0:00 
Janis Moser              1  0  1  -2  0   1  0  0  0  0  0/0    23:09   2:22   1:30 
Jonathan Huberdeau       0  0  0  -1  0   2  0  0  0  0  0/1    20:00   3:16   0:00 
Jordan Martinook         0  1  1   1  0   1  2  0  0  0  0/2    16:10   0:00   1:28 
Peyton Krebs             0  0  0  -1  0   0  1  0  0  0  2/5     4:20   0:00   0:00 
Radko Gudas              0  0  0  -2  4   1  4  2  0  0  0/0    17:27   0:00   1:04 
Rasmus Sandin            0  0  0   0  0   0  3  1  0  0  0/0    18:06   2:22   2:36 
Robert Fabbri            1  0  1   1  0   1  0  0  0  0  0/1    14:42   0:00   0:00 
Ryan McDonagh            0  0  0  -2  0   2  1  1  0  0  0/0    23:59   3:16   0:00 

3 Stars

1 - Kyle Connor (LOB)
2 - Sam Reinhart (LOB)
3 - Brock Boeser (LOB)

Power Play

LONG BEACH BARACUDAS - 1 on 3 Attempt(s) - 33,33%
SACRAMENTO BANDITS - 1 on 3 Attempt(s) - 33,33%

Penalty Kill

LONG BEACH BARACUDAS - 2 on 3 Attempt(s) - 66,67% - Score 0 goal in Penalty Kill
SACRAMENTO BANDITS - 2 on 3 Attempt(s) - 66,67% - Score 0 goal in Penalty Kill

Team Stat

LONG BEACH BARACUDAS - Hits : 9 - Faceoff Wins : 51 - Blocked Shots : 5 - Penalty Minutes : 6
SACRAMENTO BANDITS - Hits : 18 - Faceoff Wins : 34 - Blocked Shots : 8 - Penalty Minutes : 6

Official

Referees : Kenny Anderson and Ian Walsh
Linesman : Shaun Morgan and Brian Murphy

Game Notes

Jean-Francois Berube enters game at 2:06 of 3rd period

Finance

Level 1 -- Attendance: 6205 (100,00%) -- Ticket Income 992 800 $
Level 2 -- Attendance: 4663 (88,31%) -- Ticket Income 652 820 $
Level 3 -- Attendance: 1865 (87,35%) -- Ticket Income 223 800 $
Level 4 -- Attendance: 3087 (72,13%) -- Ticket Income 277 830 $
Luxury Box -- Attendance: 1010 (100,00%) -- Ticket Income 303 000 $
Game was played at the Sacramento Center Palace.
Total Attendance: 16830 (89,00%)
Total Ticket Income: 2 450 250 $
Other Expense: 24 502 $
Total Income: 2 425 748 $

LONG BEACH BARACUDAS

5 vs 5 Forward 
   Center                   Left Wing                Right Wing               Time % Phy DF OF 
 1 William Karlsson         Kyle Connor              Sam Reinhart             39     0   1  4  
 2 Ryan O'Reilly            Seth Jarvis              Brock Boeser             33     0   1  4  
 3 Nico Hischier            Jaden Schwartz           Teuvo Teravainen         20     0   1  4  
 4 Derek Stepan             Boris Katchouk           Tom Wilson               8      0   2  3  

5 vs 5 Defense 
   Defense                  Defense                                           Time % Phy DF OF 
 1 Zachary Werenski         Torey Krug                                        36     0   3  2  
 2 Connor Clifton           Scott Harrington                                  31     0   3  2  
 3 Nathan Beaulieu          Calvin De Haan                                    23     0   3  2  
 4 Zachary Werenski         Torey Krug                                        10     0   3  2  

PowerPlay Forward 
   Center                   Left Wing                Right Wing               Time % Phy DF OF 
 1 William Karlsson         Seth Jarvis              Teuvo Teravainen         52     1   0  4  
 2 Nico Hischier            Kyle Connor              Sam Reinhart             48     1   0  4  

PowerPlay Defense
   Defense                  Defense                                           Time % Phy DF OF 
 1 Calvin De Haan           Scott Harrington                                  52     0   0  5  
 2 Torey Krug               Nathan Beaulieu                                   48     0   0  5  

Penalty Kill 4 Players Forward 
   Center                   Wing                     Time % Phy DF OF 
 1 Teuvo Teravainen         Seth Jarvis              55     1   2  2  
 2 Ryan O'Reilly            Jaden Schwartz           45     1   2  2  

Penalty Kill 4 Players Defense
   Defense                  Defense                  Time % Phy DF OF 
 1 Nathan Beaulieu          Connor Clifton           55     0   3  2  
 2 Zachary Werenski         Calvin De Haan           45     0   3  2  

Penalty Kill - 3 Players Forward 
   Forward                                           Time % Phy DF OF 
 1 William Karlsson                                  55     0   5  0  
 2 Ryan O'Reilly                                     45     0   5  0  

Penalty Kill - 3 Players Defense
   Defense                  Defense                  Time % Phy DF OF 
 1 Zachary Werenski         Calvin De Haan           55     0   5  0  
 2 Connor Clifton           Scott Harrington         45     0   5  0  

4 vs 4 Forward 
   Center                   Wing                     Time % Phy DF OF 
 1 Nico Hischier            Teuvo Teravainen         55     0   2  3  
 2 Ryan O'Reilly            Tom Wilson               45     0   2  3  

4 vs 4 Defense
   Defense                  Defense                  Time % Phy DF OF 
 1 Zachary Werenski         Torey Krug               55     0   3  2  
 2 Calvin De Haan           Nathan Beaulieu          45     0   3  2  

Last Minutes Offensive
   Center                   Left Wing                Right Wing               Defense                  Defense                  
   William Karlsson         Kyle Connor              Sam Reinhart             Zachary Werenski         Torey Krug               

Last Minutes Defensive
   Center                   Left Wing                Right Wing               Defense                  Defense                  
   Nico Hischier            Teuvo Teravainen         Brock Boeser             Zachary Werenski         Connor Clifton           

Goaltenders
Starting : Ukko-Pekka Luukkonen     
Backup : Alex Lyon                

Extra Forwards
Normal : Brock Boeser, Nico Hischier, Teuvo Teravainen - PP : Jaden Schwartz, Brock Boeser - PK : Seth Jarvis
Extra Defensemen
Normal : Torey Krug, Connor Clifton, Zachary Werenski - PP : Nathan Beaulieu - PK : Connor Clifton, Zachary Werenski
Penalty Shots
Kyle Connor, Sam Reinhart, Ryan O'Reilly, Nico Hischier, William Karlsson
Custom OT Lines Forwards
William Karlsson, Sam Reinhart, Ryan O'Reilly, Kyle Connor, Nico Hischier, Brock Boeser, Teuvo Teravainen, Seth Jarvis, Jaden Schwartz, Boris Katchouk
Custom OT Lines Defensemen
Zachary Werenski, Nathan Beaulieu, Calvin De Haan, Scott Harrington, Connor Clifton

Scratches
Justin Braun (Healthy), Pyotr Kochetkov (Left Leg Injury)

SACRAMENTO BANDITS

5 vs 5 Forward 
   Center                   Left Wing                Right Wing               Time % Phy DF OF 
 1 Evgeny Kuznetsov         Jonathan Huberdeau       Andre Burakovsky         35     1   2  2  
 2 Andrew Copp              Evander Kane             Brandon Tanev            30     1   2  2  
 3 Cody Glass               Robert Fabbri            Jordan Martinook         30     1   2  2  
 4 Peyton Krebs             Fabian Zetterlund        Danil Gushchin           5      1   2  2  

5 vs 5 Defense 
   Defense                  Defense                                           Time % Phy DF OF 
 1 Ryan McDonagh            Aaron Ekblad                                      36     1   2  2  
 2 Janis Moser              Radko Gudas                                       31     1   2  2  
 3 Rasmus Sandin            Alexandre Carrier                                 23     1   2  2  
 4 Ryan McDonagh            Janis Moser                                       10     1   2  2  

PowerPlay Forward 
   Center                   Left Wing                Right Wing               Time % Phy DF OF 
 1 Evgeny Kuznetsov         Jonathan Huberdeau       Andre Burakovsky         55     1   2  2  
 2 Andrew Copp              Evander Kane             Brandon Tanev            45     1   2  2  

PowerPlay Defense
   Defense                  Defense                                           Time % Phy DF OF 
 1 Ryan McDonagh            Aaron Ekblad                                      55     1   2  2  
 2 Rasmus Sandin            Janis Moser                                       45     1   2  2  

Penalty Kill 4 Players Forward 
   Center                   Wing                     Time % Phy DF OF 
 1 Andrew Copp              Brandon Tanev            55     1   2  2  
 2 Jordan Martinook         Evander Kane             45     1   2  2  

Penalty Kill 4 Players Defense
   Defense                  Defense                  Time % Phy DF OF 
 1 Janis Moser              Radko Gudas              55     1   2  2  
 2 Rasmus Sandin            Alexandre Carrier        45     1   2  2  

Penalty Kill - 3 Players Forward 
   Forward                                           Time % Phy DF OF 
 1 Andrew Copp                                       55     1   2  2  
 2 Jordan Martinook                                  45     1   2  2  

Penalty Kill - 3 Players Defense
   Defense                  Defense                  Time % Phy DF OF 
 1 Janis Moser              Radko Gudas              55     1   2  2  
 2 Rasmus Sandin            Alexandre Carrier        45     1   2  2  

4 vs 4 Forward 
   Center                   Wing                     Time % Phy DF OF 
 1 Evgeny Kuznetsov         Andre Burakovsky         55     1   2  2  
 2 Andrew Copp              Jonathan Huberdeau       45     1   2  2  

4 vs 4 Defense
   Defense                  Defense                  Time % Phy DF OF 
 1 Ryan McDonagh            Aaron Ekblad             55     1   2  2  
 2 Janis Moser              Radko Gudas              45     1   2  2  

Last Minutes Offensive
   Center                   Left Wing                Right Wing               Defense                  Defense                  
   Evgeny Kuznetsov         Jonathan Huberdeau       Andre Burakovsky         Aaron Ekblad             Ryan McDonagh            

Last Minutes Defensive
   Center                   Left Wing                Right Wing               Defense                  Defense                  
   Andrew Copp              Evander Kane             Brandon Tanev            Aaron Ekblad             Ryan McDonagh            

Goaltenders
Starting : Carter Hart              
Backup : Jean-Francois Berube     

Extra Forwards
Normal : Evgeny Kuznetsov, Jonathan Huberdeau, Jordan Martinook - PP : Evgeny Kuznetsov, Jonathan Huberdeau - PK : Jordan Martinook
Extra Defensemen
Normal : Ryan McDonagh, Janis Moser, Rasmus Sandin - PP : Janis Moser - PK : Janis Moser, Rasmus Sandin
Penalty Shots
Jonathan Huberdeau, Evgeny Kuznetsov, Jordan Martinook, Andrew Copp, Andre Burakovsky
Custom OT Lines Forwards
Andrew Copp, Evgeny Kuznetsov, Andre Burakovsky, Jonathan Huberdeau, Evander Kane, Brandon Tanev, Cody Glass, Robert Fabbri, Jordan Martinook, Peyton Krebs
Custom OT Lines Defensemen
Ryan McDonagh, Aaron Ekblad, Janis Moser, Rasmus Sandin, Alexandre Carrier

Scratches
Brendan Smith (Healthy), Daniel Vladar (Broken Right Foot Toe Injury)

% Time on Ice - LONG BEACH BARACUDAS

Lines # - Real PCT - Wanted PCT - Time Play
Normal Forward
1 - 39% - 39% - 19:51
2 - 34% - 33% - 17:15
3 - 20% - 20% - 9:49
4 - 7% - 8% - 3:21
Normal Defense
1 - 35% - 36% - 17:32
2 - 34% - 31% - 17:03
3 - 25% - 23% - 12:47
4 - 6% - 10% - 2:54
PP Forward
1 - 45% - 52% - 1:51
2 - 55% - 48% - 2:15
PP Defense
1 - 48% - 52% - 1:59
2 - 52% - 48% - 2:07
PK Forward
1 - 59% - 55% - 3:21
2 - 41% - 45% - 2:17
PK Defense
1 - 52% - 55% - 2:57
2 - 48% - 45% - 2:41
PK3 Forward
1 - 0% - 55%
2 - 0% - 45%
PK3 Defense
1 - 0% - 55%
2 - 0% - 45%
44 Forward
1 - 0% - 55%
2 - 0% - 45%
44 Defense
1 - 0% - 55%
2 - 0% - 45%
Last Minute Offensive  - 0:00
Last Minute Defensive  - 0:00
Total
Forward - 60:00
Defense - 60:00

% Time on Ice - SACRAMENTO BANDITS

Lines # - Real PCT - Wanted PCT - Time Play
Normal Forward
1 - 33% - 35% - 16:44
2 - 29% - 30% - 14:30
3 - 29% - 30% - 14:42
4 - 9% - 5% - 4:20
Normal Defense
1 - 36% - 36% - 17:51
2 - 32% - 31% - 16:15
3 - 26% - 23% - 13:08
4 - 6% - 10% - 3:02
PP Forward
1 - 58% - 55% - 3:16
2 - 42% - 45% - 2:22
PP Defense
1 - 58% - 55% - 3:16
2 - 42% - 45% - 2:22
PK Forward
1 - 61% - 55% - 2:31
2 - 39% - 45% - 1:35
PK Defense
1 - 37% - 55% - 1:30
2 - 63% - 45% - 2:36
PK3 Forward
1 - 0% - 55%
2 - 0% - 45%
PK3 Defense
1 - 0% - 55%
2 - 0% - 45%
44 Forward
1 - 0% - 55%
2 - 0% - 45%
44 Defense
1 - 0% - 55%
2 - 0% - 45%
Last Minute Offensive  - 0:00
Last Minute Defensive  - 0:00
Total
Forward - 60:00
Defense - 60:00

Play-by-Play

1st period


0:01 of 1st period - William Karlsson wins face-off versus Evgeny Kuznetsov in neutral zone.
0:28 of 1st period - Shot by Sam Reinhart.
0:28 of 1st period - Stopped by Carter Hart without a rebound.
0:29 of 1st period - Ryan O'Reilly wins face-off versus Andrew Copp in SACRAMENTO BANDITS zone.
0:56 of 1st period - Minor Penalty to Connor Clifton for Hooking.
0:57 of 1st period - Teuvo Teravainen wins face-off versus Evgeny Kuznetsov in LONG BEACH BARACUDAS zone.
1:16 of 1st period - Shot by Ryan McDonagh.
1:16 of 1st period - Stopped by Ukko-Pekka Luukkonen without a rebound.
1:17 of 1st period - Teuvo Teravainen wins face-off versus Andrew Copp in LONG BEACH BARACUDAS zone.
2:47 of 1st period - Shot by Aaron Ekblad.
2:47 of 1st period - Stopped by Ukko-Pekka Luukkonen without a rebound.
2:48 of 1st period - Teuvo Teravainen wins face-off versus Andrew Copp in LONG BEACH BARACUDAS zone.
3:21 of 1st period - Shot by Tom Wilson.
3:21 of 1st period - Shot Misses the Net.
3:29 of 1st period - Shot by Tom Wilson.
3:29 of 1st period - Shot Blocked by Radko Gudas.
3:31 of 1st period - Shot by Zachary Werenski.
3:31 of 1st period - Stopped by Carter Hart without a rebound.
3:32 of 1st period - William Karlsson wins face-off versus Andre Burakovsky in SACRAMENTO BANDITS zone.
3:43 of 1st period - Shot by Sam Reinhart.
3:43 of 1st period - Stopped by Carter Hart without a rebound.
3:44 of 1st period - Ryan O'Reilly wins face-off versus Andrew Copp in SACRAMENTO BANDITS zone.
4:42 of 1st period - Shot by Sam Reinhart.
4:42 of 1st period - Shot Blocked by Alexandre Carrier.
5:00 of 1st period - Shot by Kyle Connor.
5:00 of 1st period - Shot Blocked by Aaron Ekblad.
5:02 of 1st period - Shot by Sam Reinhart.
5:02 of 1st period - Shot Misses the Net.
5:04 of 1st period - Shot by Kyle Connor.
5:04 of 1st period - Stopped by Carter Hart with a rebound.
6:22 of 1st period - Off-side.
6:23 of 1st period - Ryan O'Reilly wins face-off versus Danil Gushchin in neutral zone.
6:23 of 1st period - Brock Boeser is hit by Peyton Krebs and loses puck.
6:42 of 1st period - Minor Penalty to Radko Gudas for Roughing.
6:43 of 1st period - Nico Hischier wins face-off versus Andrew Copp in SACRAMENTO BANDITS zone.
6:48 of 1st period - Shot by Sam Reinhart.
6:48 of 1st period - Shot Misses the Net.
6:50 of 1st period - Shot by Kyle Connor.
6:50 of 1st period - Goal by Kyle Connor - LONG BEACH BARACUDAS : 1 - SACRAMENTO BANDITS : 0.
6:51 of 1st period - William Karlsson wins face-off versus Cody Glass in neutral zone.
6:58 of 1st period - Shot by Kyle Connor.
6:58 of 1st period - Shot Blocked by Alexandre Carrier.
7:13 of 1st period - William Karlsson is hit by Rasmus Sandin and loses puck.
7:17 of 1st period - Sam Reinhart is hit by Rasmus Sandin and loses puck.
7:42 of 1st period - Icing by Rasmus Sandin.
7:43 of 1st period - Cody Glass wins face-off versus Ryan O'Reilly in SACRAMENTO BANDITS zone.
8:14 of 1st period - Shot by Brock Boeser.
8:14 of 1st period - Shot Misses the Net.
8:33 of 1st period - Off-side.
8:34 of 1st period - Andrew Copp wins face-off versus Nico Hischier in neutral zone.
8:46 of 1st period - Shot by Nico Hischier.
8:46 of 1st period - Stopped by Carter Hart without a rebound.
8:47 of 1st period - William Karlsson wins face-off versus Peyton Krebs in SACRAMENTO BANDITS zone.
9:10 of 1st period - Shot by William Karlsson.
9:10 of 1st period - Shot Misses the Net.
9:28 of 1st period - Shot by Sam Reinhart.
9:28 of 1st period - Deflect By William Karlsson.
9:28 of 1st period - Stopped by Carter Hart without a rebound.
9:29 of 1st period - Andrew Copp wins face-off versus Nico Hischier in SACRAMENTO BANDITS zone.
10:10 of 1st period - Shot by Nico Hischier.
10:10 of 1st period - Deflect By Jaden Schwartz.
10:10 of 1st period - Goal by Jaden Schwartz - LONG BEACH BARACUDAS : 2 - SACRAMENTO BANDITS : 0.
10:11 of 1st period - Evgeny Kuznetsov wins face-off versus Sam Reinhart in neutral zone.
10:29 of 1st period - Evgeny Kuznetsov is hit by Nathan Beaulieu and loses puck.
11:02 of 1st period - Icing by Nathan Beaulieu.
11:03 of 1st period - Sam Reinhart wins face-off versus Cody Glass in LONG BEACH BARACUDAS zone.
11:05 of 1st period - Icing by William Karlsson.
11:06 of 1st period - Cody Glass wins face-off versus William Karlsson in LONG BEACH BARACUDAS zone.
11:19 of 1st period - Shot by Jordan Martinook.
11:19 of 1st period - Shot Misses the Net.
11:43 of 1st period - Shot by Cody Glass.
11:43 of 1st period - Stopped by Ukko-Pekka Luukkonen with a rebound.
11:54 of 1st period - Icing by Zachary Werenski.
11:55 of 1st period - Ryan O'Reilly wins face-off versus Andrew Copp in LONG BEACH BARACUDAS zone.
11:55 of 1st period - Ryan O'Reilly is hit by Brandon Tanev.
12:15 of 1st period - Icing by Zachary Werenski.
12:16 of 1st period - Ryan O'Reilly wins face-off versus Evgeny Kuznetsov in LONG BEACH BARACUDAS zone.
12:39 of 1st period - Shot by Evgeny Kuznetsov.
12:39 of 1st period - Shot Misses the Net.
13:25 of 1st period - Shot by Brandon Tanev.
13:25 of 1st period - Stopped by Ukko-Pekka Luukkonen without a rebound.
13:26 of 1st period - William Karlsson wins face-off versus Cody Glass in LONG BEACH BARACUDAS zone.
13:39 of 1st period - Shot by Kyle Connor.
13:39 of 1st period - Stopped by Carter Hart without a rebound.
13:40 of 1st period - Nico Hischier wins face-off versus Andrew Copp in SACRAMENTO BANDITS zone.
14:03 of 1st period - Brandon Tanev is hit by Jaden Schwartz and loses puck.
14:18 of 1st period - Shot by Jaden Schwartz.
14:18 of 1st period - Shot Blocked by Radko Gudas.
14:20 of 1st period - Shot by Nico Hischier.
14:20 of 1st period - Stopped by Carter Hart without a rebound.
14:21 of 1st period - Cody Glass wins face-off versus William Karlsson in SACRAMENTO BANDITS zone.
14:35 of 1st period - Shot by Kyle Connor.
14:35 of 1st period - Stopped by Carter Hart without a rebound.
14:36 of 1st period - Derek Stepan wins face-off versus Evgeny Kuznetsov in SACRAMENTO BANDITS zone.
15:11 of 1st period - Shot by Tom Wilson.
15:11 of 1st period - Stopped by Carter Hart without a rebound.
15:12 of 1st period - William Karlsson wins face-off versus Cody Glass in SACRAMENTO BANDITS zone.
15:36 of 1st period - Icing by Connor Clifton.
15:37 of 1st period - Andrew Copp wins face-off versus William Karlsson in LONG BEACH BARACUDAS zone.
15:43 of 1st period - Icing by Connor Clifton.
15:44 of 1st period - Evgeny Kuznetsov wins face-off versus William Karlsson in LONG BEACH BARACUDAS zone.
16:03 of 1st period - Shot by Evgeny Kuznetsov.
16:03 of 1st period - Stopped by Ukko-Pekka Luukkonen without a rebound.
16:04 of 1st period - Ryan O'Reilly wins face-off versus Cody Glass in LONG BEACH BARACUDAS zone.
16:04 of 1st period - Seth Jarvis is hit by Jordan Martinook and loses puck.
16:12 of 1st period - Ryan O'Reilly is hit by Aaron Ekblad.
16:15 of 1st period - Icing by Ryan McDonagh.
16:16 of 1st period - Nico Hischier wins face-off versus Cody Glass in SACRAMENTO BANDITS zone.
16:26 of 1st period - Nico Hischier is hit by Ryan McDonagh and loses puck.
16:48 of 1st period - Minor Penalty to Cody Glass for Interference.
16:49 of 1st period - Andrew Copp wins face-off versus Nico Hischier in SACRAMENTO BANDITS zone.
16:54 of 1st period - Shot by Andrew Copp.
16:54 of 1st period - Shot Misses the Net.
17:50 of 1st period - Alexandre Carrier is hit by William Karlsson and loses puck.
Goals for this period are 2 for LONG BEACH BARACUDAS vs 0 for SACRAMENTO BANDITS.
Shots for this period are 12 for LONG BEACH BARACUDAS vs 5 for SACRAMENTO BANDITS.

2nd period


0:01 of 2nd period - Andrew Copp wins face-off versus William Karlsson in neutral zone.
0:24 of 2nd period - Shot by Sam Reinhart.
0:24 of 2nd period - Shot Misses the Net.
0:26 of 2nd period - Shot by Sam Reinhart.
0:26 of 2nd period - Shot Misses the Net.
0:29 of 2nd period - Minor Penalty to Sam Reinhart for Holding.
0:30 of 2nd period - Evgeny Kuznetsov wins face-off versus Teuvo Teravainen in LONG BEACH BARACUDAS zone.
0:44 of 2nd period - Icing by Aaron Ekblad.
0:45 of 2nd period - Evgeny Kuznetsov wins face-off versus Teuvo Teravainen in SACRAMENTO BANDITS zone.
0:56 of 2nd period - Shot by Andre Burakovsky.
0:56 of 2nd period - Deflect By Jonathan Huberdeau.
0:56 of 2nd period - Shot Misses the Net.
0:58 of 2nd period - Shot by Aaron Ekblad.
0:58 of 2nd period - Shot Blocked by Connor Clifton.
1:35 of 2nd period - Icing by Ryan McDonagh.
1:36 of 2nd period - Ryan O'Reilly wins face-off versus Evgeny Kuznetsov in SACRAMENTO BANDITS zone.
2:07 of 2nd period - Shot by Andrew Copp.
2:07 of 2nd period - Shot Misses the Net.
2:09 of 2nd period - Shot by Janis Moser.
2:09 of 2nd period - Goal by Janis Moser - LONG BEACH BARACUDAS : 2 - SACRAMENTO BANDITS : 1.
2:10 of 2nd period - Cody Glass wins face-off versus William Karlsson in neutral zone.
2:12 of 2nd period - Off-side.
2:13 of 2nd period - William Karlsson wins face-off versus Andrew Copp in neutral zone.
2:16 of 2nd period - Shot by Kyle Connor.
2:16 of 2nd period - Goal by Kyle Connor - LONG BEACH BARACUDAS : 3 - SACRAMENTO BANDITS : 1.
2:17 of 2nd period - William Karlsson wins face-off versus Andrew Copp in neutral zone.
2:17 of 2nd period - William Karlsson is hit by Brandon Tanev.
2:40 of 2nd period - Off-side.
2:41 of 2nd period - Evgeny Kuznetsov wins face-off versus Ryan O'Reilly in neutral zone.
2:45 of 2nd period - Aaron Ekblad is hit by Calvin De Haan and loses puck.
3:04 of 2nd period - Shot by Jonathan Huberdeau.
3:04 of 2nd period - Stopped by Ukko-Pekka Luukkonen with a rebound.
3:06 of 2nd period - Shot by Aaron Ekblad.
3:06 of 2nd period - Stopped by Ukko-Pekka Luukkonen without a rebound.
3:07 of 2nd period - William Karlsson wins face-off versus Cody Glass in LONG BEACH BARACUDAS zone.
3:07 of 2nd period - William Karlsson is hit by Jordan Martinook.
3:20 of 2nd period - Shot by Jordan Martinook.
3:20 of 2nd period - Shot Misses the Net.
3:22 of 2nd period - Shot by Cody Glass.
3:22 of 2nd period - Shot Misses the Net.
4:19 of 2nd period - Ryan McDonagh is hit by Ryan O'Reilly and loses puck.
4:24 of 2nd period - Shot by Ryan O'Reilly.
4:24 of 2nd period - Shot Blocked by Ryan McDonagh.
5:18 of 2nd period - Shot by Andrew Copp.
5:18 of 2nd period - Stopped by Ukko-Pekka Luukkonen with a rebound.
6:13 of 2nd period - Shot by Sam Reinhart.
6:13 of 2nd period - Shot Misses the Net.
6:33 of 2nd period - Sam Reinhart is hit by Rasmus Sandin and loses puck.
6:46 of 2nd period - Shot by Kyle Connor.
6:46 of 2nd period - Shot Blocked by Rasmus Sandin.
6:58 of 2nd period - Shot by Seth Jarvis.
6:58 of 2nd period - Shot Misses the Net.
7:03 of 2nd period - Icing by Brandon Tanev.
7:04 of 2nd period - Ryan O'Reilly wins face-off versus Andrew Copp in SACRAMENTO BANDITS zone.
7:15 of 2nd period - Shot by Brock Boeser.
7:15 of 2nd period - Shot Misses the Net.
7:46 of 2nd period - Shot by Ryan O'Reilly.
7:46 of 2nd period - Shot Misses the Net.
7:59 of 2nd period - Tom Wilson is hit by Radko Gudas.
8:01 of 2nd period - Shot by Zachary Werenski.
8:01 of 2nd period - Stopped by Carter Hart without a rebound.
8:02 of 2nd period - William Karlsson wins face-off versus Evgeny Kuznetsov in SACRAMENTO BANDITS zone.
8:55 of 2nd period - Off-side.
8:56 of 2nd period - Ryan O'Reilly wins face-off versus Cody Glass in neutral zone.
9:09 of 2nd period - Shot by Ryan O'Reilly.
9:09 of 2nd period - Stopped by Carter Hart without a rebound.
9:10 of 2nd period - Peyton Krebs wins face-off versus Jaden Schwartz in SACRAMENTO BANDITS zone.
9:31 of 2nd period - Shot by Nico Hischier.
9:31 of 2nd period - Shot Misses the Net.
9:33 of 2nd period - Shot by Nico Hischier.
9:33 of 2nd period - Shot Misses the Net.
9:44 of 2nd period - Icing by Radko Gudas.
9:45 of 2nd period - Ryan O'Reilly wins face-off versus Peyton Krebs in SACRAMENTO BANDITS zone.
9:57 of 2nd period - Minor Penalty to Ryan O'Reilly for Hooking.
9:58 of 2nd period - Evgeny Kuznetsov wins face-off versus Teuvo Teravainen in LONG BEACH BARACUDAS zone.
11:19 of 2nd period - Shot by Evander Kane.
11:19 of 2nd period - Shot Misses the Net.
11:26 of 2nd period - Icing by Janis Moser.
11:27 of 2nd period - Andrew Copp wins face-off versus Derek Stepan in SACRAMENTO BANDITS zone.
12:00 of 2nd period - Shot by Jordan Martinook.
12:00 of 2nd period - Shot Misses the Net.
12:10 of 2nd period - Shot by Cody Glass.
12:10 of 2nd period - Shot Blocked by Torey Krug.
12:12 of 2nd period - Shot by Jordan Martinook.
12:12 of 2nd period - Stopped by Ukko-Pekka Luukkonen without a rebound.
12:13 of 2nd period - Ryan O'Reilly wins face-off versus Evgeny Kuznetsov in LONG BEACH BARACUDAS zone.
12:31 of 2nd period - Off-side.
12:32 of 2nd period - Kyle Connor wins face-off versus Robert Fabbri in neutral zone.
12:50 of 2nd period - William Karlsson is hit by Radko Gudas and loses puck.
13:14 of 2nd period - Sam Reinhart is hit by Radko Gudas and loses puck.
13:45 of 2nd period - Minor Penalty to Radko Gudas for Slashing.
13:46 of 2nd period - Andrew Copp wins face-off versus William Karlsson in SACRAMENTO BANDITS zone.
14:32 of 2nd period - Off-side.
14:33 of 2nd period - Nico Hischier wins face-off versus Jordan Martinook in neutral zone.
15:21 of 2nd period - Icing by William Karlsson.
15:22 of 2nd period - Andrew Copp wins face-off versus William Karlsson in LONG BEACH BARACUDAS zone.
15:25 of 2nd period - Shot by Aaron Ekblad.
15:25 of 2nd period - Stopped by Ukko-Pekka Luukkonen without a rebound.
15:26 of 2nd period - Andrew Copp wins face-off versus William Karlsson in LONG BEACH BARACUDAS zone.
15:50 of 2nd period - Off-side.
15:51 of 2nd period - Derek Stepan wins face-off versus Evgeny Kuznetsov in neutral zone.
15:59 of 2nd period - Icing by Ryan McDonagh.
16:00 of 2nd period - Ryan O'Reilly wins face-off versus Evgeny Kuznetsov in SACRAMENTO BANDITS zone.
16:13 of 2nd period - Shot by Evgeny Kuznetsov.
16:13 of 2nd period - Shot Misses the Net.
16:15 of 2nd period - Shot by Jonathan Huberdeau.
16:15 of 2nd period - Stopped by Ukko-Pekka Luukkonen without a rebound.
16:16 of 2nd period - Andrew Copp wins face-off versus William Karlsson in LONG BEACH BARACUDAS zone.
16:23 of 2nd period - Sam Reinhart is hit by Evander Kane and loses puck.
17:33 of 2nd period - Shot by Andre Burakovsky.
17:33 of 2nd period - Stopped by Ukko-Pekka Luukkonen without a rebound.
17:34 of 2nd period - Nico Hischier wins face-off versus Cody Glass in LONG BEACH BARACUDAS zone.
17:56 of 2nd period - Icing by Rasmus Sandin.
17:57 of 2nd period - Ryan O'Reilly wins face-off versus Cody Glass in SACRAMENTO BANDITS zone.
18:00 of 2nd period - Shot by Ryan O'Reilly.
18:00 of 2nd period - Stopped by Carter Hart without a rebound.
18:01 of 2nd period - Ryan O'Reilly wins face-off versus Evgeny Kuznetsov in SACRAMENTO BANDITS zone.
18:40 of 2nd period - Shot by Seth Jarvis.
18:40 of 2nd period - Deflect By Ryan O'Reilly.
18:40 of 2nd period - Shot Misses the Net.
18:42 of 2nd period - Shot by Ryan O'Reilly.
18:42 of 2nd period - Stopped by Carter Hart without a rebound.
18:43 of 2nd period - William Karlsson wins face-off versus Cody Glass in SACRAMENTO BANDITS zone.
19:31 of 2nd period - Icing by Torey Krug.
19:32 of 2nd period - Evgeny Kuznetsov wins face-off versus William Karlsson in LONG BEACH BARACUDAS zone.
19:33 of 2nd period - Shot by Jonathan Huberdeau.
19:33 of 2nd period - Shot Misses the Net.
19:35 of 2nd period - Shot by Andre Burakovsky.
19:35 of 2nd period - Shot Misses the Net.
19:37 of 2nd period - Shot by Aaron Ekblad.
19:37 of 2nd period - Stopped by Ukko-Pekka Luukkonen without a rebound.
19:38 of 2nd period - Ryan O'Reilly wins face-off versus Evgeny Kuznetsov in LONG BEACH BARACUDAS zone.
19:47 of 2nd period - Shot by Ryan O'Reilly.
19:47 of 2nd period - Shot Misses the Net.
19:49 of 2nd period - Shot by Brock Boeser.
19:49 of 2nd period - Stopped by Carter Hart with a rebound.
19:51 of 2nd period - Shot by Ryan O'Reilly.
19:51 of 2nd period - Stopped by Carter Hart without a rebound.
19:52 of 2nd period - Andrew Copp wins face-off versus Nico Hischier in SACRAMENTO BANDITS zone.
Goals for this period are 1 for LONG BEACH BARACUDAS vs 1 for SACRAMENTO BANDITS.
Shots for this period are 7 for LONG BEACH BARACUDAS vs 9 for SACRAMENTO BANDITS.

3rd period


0:01 of 3rd period - Evgeny Kuznetsov wins face-off versus Seth Jarvis in neutral zone.
0:03 of 3rd period - Off-side.
0:04 of 3rd period - Andrew Copp wins face-off versus Ryan O'Reilly in neutral zone.
0:15 of 3rd period - Shot by Andrew Copp.
0:15 of 3rd period - Stopped by Ukko-Pekka Luukkonen with a rebound.
0:17 of 3rd period - Shot by Ryan McDonagh.
0:17 of 3rd period - Stopped by Ukko-Pekka Luukkonen without a rebound.
0:18 of 3rd period - William Karlsson wins face-off versus Evgeny Kuznetsov in LONG BEACH BARACUDAS zone.
0:18 of 3rd period - William Karlsson is hit by Evgeny Kuznetsov.
0:24 of 3rd period - Rasmus Sandin is hit by Connor Clifton and loses puck.
0:35 of 3rd period - Shot by William Karlsson.
0:35 of 3rd period - Stopped by Carter Hart without a rebound.
0:36 of 3rd period - Andrew Copp wins face-off versus Ryan O'Reilly in SACRAMENTO BANDITS zone.
0:45 of 3rd period - Shot by Evander Kane.
0:45 of 3rd period - Shot Blocked by Zachary Werenski.
0:47 of 3rd period - Shot by Andrew Copp.
0:47 of 3rd period - Deflect By Evander Kane.
0:47 of 3rd period - Shot Misses the Net.
0:49 of 3rd period - Shot by Aaron Ekblad.
0:49 of 3rd period - Shot Blocked by Seth Jarvis.
0:51 of 3rd period - Shot by Evander Kane.
0:51 of 3rd period - Shot Misses the Net.
2:06 of 3rd period - Shot by Sam Reinhart.
2:06 of 3rd period - Goal by Sam Reinhart - LONG BEACH BARACUDAS : 4 - SACRAMENTO BANDITS : 1.
2:06 of 3rd period - Jean-Francois Berube enters game.
2:07 of 3rd period - Nico Hischier wins face-off versus Jordan Martinook in neutral zone.
2:24 of 3rd period - Shot by Teuvo Teravainen.
2:24 of 3rd period - Stopped by Jean-Francois Berube without a rebound.
2:25 of 3rd period - William Karlsson wins face-off versus Peyton Krebs in SACRAMENTO BANDITS zone.
3:01 of 3rd period - Icing by Aaron Ekblad.
3:02 of 3rd period - Peyton Krebs wins face-off versus Ryan O'Reilly in SACRAMENTO BANDITS zone.
3:13 of 3rd period - Shot by Ryan O'Reilly.
3:13 of 3rd period - Shot Misses the Net.
3:46 of 3rd period - Brock Boeser is hit by Radko Gudas and loses puck.
3:59 of 3rd period - Shot by Robert Fabbri.
3:59 of 3rd period - Goal by Robert Fabbri - LONG BEACH BARACUDAS : 4 - SACRAMENTO BANDITS : 2.
4:00 of 3rd period - Evgeny Kuznetsov wins face-off versus Kyle Connor in neutral zone.
5:05 of 3rd period - Shot by Cody Glass.
5:05 of 3rd period - Shot Misses the Net.
5:13 of 3rd period - Sam Reinhart is hit by Cody Glass.
5:24 of 3rd period - Shot by Radko Gudas.
5:24 of 3rd period - Stopped by Ukko-Pekka Luukkonen without a rebound.
5:25 of 3rd period - Andrew Copp wins face-off versus Ryan O'Reilly in LONG BEACH BARACUDAS zone.
5:45 of 3rd period - Ryan O'Reilly is hit by Aaron Ekblad and loses puck.
6:31 of 3rd period - Shot by Nico Hischier.
6:31 of 3rd period - Shot Blocked by Aaron Ekblad.
8:10 of 3rd period - Cody Glass is hit by Torey Krug and loses puck.
8:26 of 3rd period - Cody Glass is hit by Torey Krug and loses puck.
9:05 of 3rd period - Shot by Seth Jarvis.
9:05 of 3rd period - Stopped by Jean-Francois Berube with a rebound.
9:11 of 3rd period - Shot by Brock Boeser.
9:11 of 3rd period - Goal by Brock Boeser - LONG BEACH BARACUDAS : 5 - SACRAMENTO BANDITS : 2.
9:12 of 3rd period - Andrew Copp wins face-off versus Derek Stepan in neutral zone.
9:15 of 3rd period - Shot by Andrew Copp.
9:15 of 3rd period - Shot Misses the Net.
9:17 of 3rd period - Shot by Radko Gudas.
9:17 of 3rd period - Shot Misses the Net.
9:19 of 3rd period - Shot by Andrew Copp.
9:19 of 3rd period - Deflect By Evander Kane.
9:19 of 3rd period - Shot Misses the Net.
9:35 of 3rd period - Shot by Tom Wilson.
9:35 of 3rd period - Shot Misses the Net.
9:56 of 3rd period - Icing by Janis Moser.
9:57 of 3rd period - Andrew Copp wins face-off versus William Karlsson in SACRAMENTO BANDITS zone.
11:02 of 3rd period - Icing by Scott Harrington.
11:03 of 3rd period - Ryan O'Reilly wins face-off versus Evgeny Kuznetsov in LONG BEACH BARACUDAS zone.
11:09 of 3rd period - Icing by Brock Boeser.
11:10 of 3rd period - Evgeny Kuznetsov wins face-off versus Ryan O'Reilly in LONG BEACH BARACUDAS zone.
11:34 of 3rd period - Icing by Connor Clifton.
11:35 of 3rd period - Ryan O'Reilly wins face-off versus Andrew Copp in LONG BEACH BARACUDAS zone.
12:11 of 3rd period - Shot by Andrew Copp.
12:11 of 3rd period - Shot Blocked by Kyle Connor.
12:30 of 3rd period - Icing by Calvin De Haan.
12:31 of 3rd period - William Karlsson wins face-off versus Evgeny Kuznetsov in LONG BEACH BARACUDAS zone.
13:15 of 3rd period - Off-side.
13:16 of 3rd period - Ryan O'Reilly wins face-off versus Cody Glass in neutral zone.
13:19 of 3rd period - Alexandre Carrier is hit by Seth Jarvis and loses puck.
13:42 of 3rd period - Shot by Brock Boeser.
13:42 of 3rd period - Stopped by Jean-Francois Berube with a rebound.
13:44 of 3rd period - Shot by Seth Jarvis.
13:44 of 3rd period - Stopped by Jean-Francois Berube with a rebound.
13:46 of 3rd period - Shot by Zachary Werenski.
13:46 of 3rd period - Stopped by Jean-Francois Berube without a rebound.
13:47 of 3rd period - Nico Hischier wins face-off versus Andrew Copp in SACRAMENTO BANDITS zone.
15:00 of 3rd period - Shot by Ryan O'Reilly.
15:00 of 3rd period - Goal by Ryan O'Reilly - LONG BEACH BARACUDAS : 6 - SACRAMENTO BANDITS : 2.
15:01 of 3rd period - William Karlsson wins face-off versus Cody Glass in neutral zone.
15:17 of 3rd period - Shot by William Karlsson.
15:17 of 3rd period - Shot Misses the Net.
15:40 of 3rd period - Icing by Sam Reinhart.
15:41 of 3rd period - William Karlsson wins face-off versus Evgeny Kuznetsov in LONG BEACH BARACUDAS zone.
16:43 of 3rd period - Icing by Alexandre Carrier.
16:44 of 3rd period - Nico Hischier wins face-off versus Evgeny Kuznetsov in SACRAMENTO BANDITS zone.
17:08 of 3rd period - Icing by Evgeny Kuznetsov.
17:09 of 3rd period - Evgeny Kuznetsov wins face-off versus William Karlsson in SACRAMENTO BANDITS zone.
18:43 of 3rd period - Shot by Ryan O'Reilly.
18:43 of 3rd period - Stopped by Jean-Francois Berube with a rebound.
18:51 of 3rd period - Shot by Ryan O'Reilly.
18:51 of 3rd period - Stopped by Jean-Francois Berube with a rebound.
19:02 of 3rd period - Icing by Janis Moser.
19:03 of 3rd period - Nico Hischier wins face-off versus Cody Glass in SACRAMENTO BANDITS zone.
19:10 of 3rd period - Shot by Nico Hischier.
19:10 of 3rd period - Stopped by Jean-Francois Berube without a rebound.
19:11 of 3rd period - Andrew Copp wins face-off versus Nico Hischier in SACRAMENTO BANDITS zone.
19:49 of 3rd period - Shot by Brandon Tanev.
19:49 of 3rd period - Stopped by Ukko-Pekka Luukkonen without a rebound.
19:50 of 3rd period - William Karlsson wins face-off versus Jonathan Huberdeau in LONG BEACH BARACUDAS zone.
19:59 of 3rd period - Shot by Kyle Connor.
19:59 of 3rd period - Stopped by Jean-Francois Berube with a rebound.
Goals for this period are 3 for LONG BEACH BARACUDAS vs 1 for SACRAMENTO BANDITS.
Shots for this period are 13 for LONG BEACH BARACUDAS vs 5 for SACRAMENTO BANDITS.


BLAKE
WHEELER
STEVEN
STAMKOS
DREW
DOUGHTY

EAST COAST

HOCKEY LEAGUE

  • 63.RHI2PIT5
  • 64.WOR4ATL3
  • 65.QUECHW
  • 66.CHATRV